 Dungeon Crawl Stone Soup version 0.25-a0-737-g26c3a87 (webtiles) character file.

Game seed: 17657641490979806295, levelgen mode: deterministic

317 Faca the Slinger (level 6, 0/43 HPs)
             Began as a Halfling Hunter on Apr 11, 2020.
             Succumbed to a worker ant's poison
             ... on level 5 of the Dungeon.
             The game lasted 00:08:17 (3751 turns).

Faca the Slinger (Halfling Hunter)                  Turns: 3751, Time: 00:08:18

Health: 0/43       AC:  7    Str: 15    XL:     6   Next: 73%
Magic:  6/6        EV: 13    Int:  9    God:
Gold:   183        SH:  0    Dex: 15    Spells: 5/5 levels left

rFire    . . .     SeeInvis .   b - +0 short sword
rCold    . . .     Gourm    .   (shield restricted)
rNeg     . . .     Faith    .   j - +1 ring mail
rPois    .         Spirit   .   (no helmet)
rElec    .         Reflect  .   (no cloak)
rCorr    .         Harm     .   w - +0 pair of gloves
MR       +....                  (no boots)
Stlth    +.........             h - amulet of regeneration
HPRegen  0.54/turn              k - ring of protection from magic
MPRegen  0.10/turn              (no ring)

@: lethally poisoned (0 -> -4)
A: small, mutation resistance 1
a: no special abilities


You were on level 5 of the Dungeon.
You were hungry.

You visited 1 branch of the dungeon, and saw 5 of its levels.

You collected 183 gold pieces.

Inventory:

Hand Weapons
 b - a +0 short sword (weapon)
 p - the +1 hunting sling of Immorality {speed, rC- Int+3 Stlth+}
   (You found it on level 4 of the Dungeon)

   Attacks with this weapon are significantly faster.
   It affects your intelligence (+3).
   It makes you vulnerable to cold.
   It makes you more stealthy.
Missiles
 d - 46 sling bullets
 g - 163 stones (quivered)
Armour
 j - a +1 ring mail (worn)
 w - a +0 pair of gloves (worn)
Jewellery
 a - an uncursed ring of positive energy
 h - an amulet of regeneration (around neck)
 k - a ring of protection from magic (left hand)
 n - an uncursed ring of ice
Wands
 l - a wand of iceblast (3)
 q - a wand of paralysis (9)
 s - a wand of enslavement (7)
Scrolls
 c - 5 scrolls of teleportation
 e - 2 scrolls of enchant weapon
 r - 3 scrolls of remove curse
 v - 2 scrolls of identify
Potions
 i - a potion of mutation
 m - a potion of flight
 o - 4 potions of haste
 u - a potion of lignification
Comestibles
 f - 14 rations


   Skills:
 + Level 3.9 Fighting
 + Level 3.2 Short Blades
 + Level 8.2 Slings
 - Level 2.1 Dodging
 - Level 1.1 Stealth


You had 5 spell levels left.
You didn't know any spells.
Your spell library was empty.

Dungeon Overview and Level Annotations

Branches:
Dungeon (5/15)
 Temple: D:4-7

Altars:
Hepliaklqana
Trog
Xom


Innate Abilities, Weirdness & Mutations

You are small and have problems with some larger weapons.
You are somewhat resistant to further mutation.


Message History

The worker ant is severely wounded.
* * * LOW HITPOINT WARNING * * *
You feel sick. The worker ant barely misses you.
Okay, then.
Okay, then.
Okay, then.
You hit the worker ant.
The worker ant is almost dead.
* * * LOW HITPOINT WARNING * * *
You feel sick.
The worker ant bites you but does no damage.
You hit the worker ant but do no damage.
The worker ant is almost dead.
* * * LOW HITPOINT WARNING * * *
You feel sick. The worker ant misses you.
You hit the worker ant.
You kill the worker ant!
* * * LOW HITPOINT WARNING * * *
You feel sick.
You die...

#############
#...........#
#...........+
#...........#########
#............@(......
#...........###......
+...........# .....
#...........###......
######.#####.....####
#.# #.##### #.# #.#
#.# #.# #.# #.#


There were no monsters in sight!

Vanquished Creatures
  An ice beast (D:5)
  2 hounds
  A worker ant (D:5)
  4 adders
  2 oozes
  2 worms
  3 dart slugs
  3 leopard geckos
  2 orcs
  2 ball pythons
  3 giant cockroaches
  9 goblins
  12 hobgoblins
  7 jackals
  4 quokkas
  5 bats
  5 frilled lizards
  5 kobolds
  14 rats
86 creatures vanquished.

Notes
Turn   | Place    | Note
-------+----------+-------------------------------------------
     0 | D:1      | Faca the Halfling Hunter began the quest for the Orb.
     0 | D:1      | Reached XP level 1. HP: 14/14 MP: 1/1
    37 | D:1      | Reached skill level 6 in Slings
    41 | D:1      | Reached XP level 2. HP: 11/19 MP: 2/2
   711 | D:1      | Reached XP level 3. HP: 24/25 MP: 3/3
  1474 | D:2      | Reached XP level 4. HP: 16/30 MP: 4/4
  1579 | D:2      | Reached skill level 7 in Slings
  2407 | D:3      | Reached skill level 1 in Short Blades
  2425 | D:3      | Reached XP level 5. HP: 25/36 MP: 5/5
  2496 | D:3      | Found a hazy altar of Hepliaklqana.
  2497 | D:3      | Found a shimmering altar of Xom.
  2498 | D:3      | Noticed a spectral ugly thing
  2939 | D:4      | Got a polished hunting sling
  2940 | D:4      | Identified the +1 hunting sling of Immorality {speed, rC-
                  | Int+3 Stlth+} (You found it on level 4 of the Dungeon)
  3201 | D:4      | Reached XP level 6. HP: 35/42 MP: 6/6
  3536 | D:4      | Found a bloodstained altar of Trog.
  3649 | D:5      | Entered Level 5 of the Dungeon
  3685 | D:5      | Noticed an ice beast
  3704 | D:5      | Killed an ice beast
  3704 | D:5      | Reached skill level 8 in Slings
  3748 | D:5      | HP: 2/43 [poisoned by a worker ant]
  3751 | D:5      | Succumbed to a worker ant's poison

Levels and vault maps discovered:
D:1:      minmay_arrival_three_doors, layout_basic, nrook_mini_vaults
D:2:      layout_basic, minmay_tetromino_s4
D:3:      layout_basic, regret_index_temple_of_mockery, first_ration,
          minmay_unequal
D:4:      layout_rooms, nicolae_overflow_hidden_temple,
          minmay_stone_trees_small, minmay_misc_feat_nine_boxes,
          minmay_goblin_outpost
D:5:      layout_basic, kennysheep_mini_moat, grunt_temple_overflow_open,
          minmay_misc_feat_x

Skill      XL: |  1  2  3  4  5  6 |
---------------+-------------------+-----
Slings         | 6 7 8 |  8.2
Fighting       | 2 3 |  3.9
Short Blades   | 1 2 3 |  3.2
Dodging        | |  2.1
Stealth        | |  1.1

Action                   |  1- 3 |  4- 6 || total
-------------------------+-------+-------++-------
Melee: Short sword       |   175 |   315 ||   490
  Use: Scroll            |     3 |    13 ||    16
  Eat: Chunk             |       |     9 ||     9
Armor: Leather armour    |    20 |       ||    20
       Ring mail         |    26 |    90 ||   116
Dodge: Dodged            |   149 |   231 ||   380

Table legend:
 A = Non-vault XP
 B = Vault XP
 C = Vault XP percentage of total XP
 D = Non-vault monster count
 E = Vault monster count
 F = Vault count percentage of total count
                 A         B        C        D         E       F
            +---------+---------+-------+---------+---------+-------
      Total |     429 |      24 |   5.3 |      76 |      10 |  11.6
            +---------+---------+-------+---------+---------+-------
        D:1 |      43 |       0 |   0.0 |      24 |       0 |   0.0
        D:2 |      68 |       9 |  11.7 |      24 |       2 |   7.7
        D:3 |      81 |       5 |   5.8 |      19 |       3 |  13.6
        D:4 |      74 |      10 |  11.9 |       7 |       5 |  41.7
        D:5 |     163 |       0 |   0.0 |       2 |       0 |   0.0
            +---------+---------+-------+---------+---------+-------
